AoeStats
← Low Elo Nobody

Arabia

510059558Analyzed
1v1 RM · 4d ago on Sep 29, 2026· 52m 33s· 2 players
Game mode
Random Map
Map size
Tiny (2 player)
Population
200
Speed
Normal
Resources
Standard
Victory
Conquest
Starting age
Dark Age
Ending age
Imperial Age
RankedLock teamsTeams togetherTeam positionsShared explorationLock speedFull tech treeHidden civsTurbo modeCheats
Victory
Defeat
🇩🇪 Khmer · Germany
918
+14
🇮🇹 Romans · Italy
882
-14
Low Elo Nobody
7:07 Loom
9:59 Feudal Age
11:18 Double-Bit Axe
11:14 Man-at-Arms
14:39 Scale Mail Armor
15:03 Forging
21:30 Castle Age
21:00 Wheelbarrow
22:02 Long Swordsman
23:00 Chain Mail Armor
22:39 Fletching
23:26 Bow Saw
23:11 Gold Mining
23:33 Squires
23:54 Pikeman
29:20 Iron Casting
29:40 Hand Cart
33:15 Gold Shaft Mining
34:23 Bloodlines
35:19 Husbandry
39:32 Masonry
42:36 Scale Barding Armor
45:49 Murder Holes
-__oLLe_WiLSoN__--
0:26 Loom
10:52 Feudal Age
26:22 Castle Age
24:21 Double-Bit Axe
24:17 Horse Collar
25:56 Gold Mining
26:24 Crossbowman
33:00 Bow Saw
46:38 Forging
46:29 Padded Archer Armor
47:48 Fletching
Connection lost

Rejoining the realm…

Still unreachable

The connection could not be restored.

Session expired

The server has moved on; the page needs a fresh start.